 Dungeon Crawl Stone Soup version 0.31-a0-258-gd316b798dc (webtiles) character file.

Game seed: 11306076706527410457

60 qw the Shooter (level 3, -1/29 HPs)
             Began as a Minotaur Hexslinger on July 13, 2023.
             Slain by a worm (7 damage)
             ... on level 2 of the Dungeon.
             The game lasted 00:00:35 (1615 turns).

qw the Shooter (Minotaur Hexslinger)                Turns: 1615, Time: 00:00:36

Health: -1/29      AC:  5    Str: 12    XL:     3   Next: 80%
Magic:  3/3        EV: 11    Int: 10    God:
Gold:   90         SH:  0    Dex: 14    Spells: 3/4 levels left

rFire   . . .        Y - +1 sling
rCold   . . .        (no shield)
rNeg    . . .        g - +0 ring mail
rPois   .            (helmet restricted)
rElec   .            (no cloak)
rCorr   .            (no gloves)
SInv    .            (no boots)
Will    .....        (no amulet)
Stlth   +            (no ring)
HPRegen 0.24/turn    (no ring)
MPRegen 0.08/turn

%: no passive effects
@: no status effects
A: horns 2, retaliatory headbutt
a: no special abilities


You were on level 2 of the Dungeon.
You visited 1 branch of the dungeon, and saw 3 of its levels.

You collected 90 gold pieces.


Innate Abilities, Weirdness & Mutations

You have a pair of horns on your head.
You reflexively headbutt those who attack you in melee.


   Skills:
 - Level 2.0 Fighting
 - Level 4.4 Ranged Weapons
 + Level 0.0 Armour
 - Level 2.1 Dodging
 - Level 1.0 Spellcasting
 - Level 2.0 Hexes


You had 3 spell levels left.
You knew the following spells:

 Your Spells              Type           Power      Damage    Failure   Level
a - Slow                  Hex            16%        N/A       34%         1

Your spell library contained the following spells:

 Spells                   Type           Power      Damage    Failure   Level
 Inner Flame              Hex/Fire       2%         N/A       83%         3
 Portal Projectile        Hex/Tloc       4%         N/A       83%         3
 Cause Fear               Hex            2%         N/A       98%         4

Inventory:

Hand Weapons
 Y - a +1 sling (weapon)
Armour
 g - a +0 ring mail (worn)
Jewellery
 f - a ring of fire
Scrolls
 a - 2 scrolls of identify
Potions
 b - a potion of curing
 e - a potion of might

Dungeon Overview and Level Annotations

Branches:
Dungeon (3/15)

Altars:


Message History

Enter note:
Enter note: A worm comes into view.
Enter note:
Enter note:
Enter note: You shoot a sling bullet.
The sling bullet hits the worm but does no damage.
You shoot a sling bullet. The sling bullet hits the worm.
The worm is moderately wounded.
You shoot a sling bullet. The sling bullet hits the worm.
The worm is moderately wounded.
The worm bites you.
You shoot a sling bullet.
The sling bullet hits the worm but does no damage.
The worm is moderately wounded.
The worm barely misses you.
You shoot a sling bullet.
The sling bullet completely misses the worm.
You shoot a sling bullet.
The sling bullet barely misses the worm.
The worm bites you but does no damage.
You shoot a sling bullet. The sling bullet hits the worm.
The worm is heavily wounded.
The worm bites you!
You shoot a sling bullet.
The sling bullet barely misses the worm.
The worm barely misses you. You furiously retaliate!
You headbutt the worm. You shoot a sling bullet.
The sling bullet hits the worm.
The worm is severely wounded.
The worm bites you.
You shoot a sling bullet. The sling bullet hits the worm.
The worm is severely wounded.
You shoot a sling bullet.
The sling bullet barely misses the worm.
The worm bites you!
You shoot a sling bullet. The sling bullet hits the worm!
The worm is almost dead.
The worm bites you!
You die...

# # .. .. # #...#
#####..# # #...#
#.w....# #
#...########@####?.. #
#...##..............
#####...##.#####.#####..
............(.......#
............_.##.##.....
..............#...# ##.#
#####..>##.........#
#%..#######...... #...#
##..####


You could see a worm.

Vanquished Creatures
  An adder (D:2)
  A dart slug (D:2)
  8 ball pythons (D:1)
  7 bats
  2 endoplasms
  2 giant cockroaches
  4 hobgoblins
  8 jackals (D:2)
  5 frilled lizards
  5 kobolds (D:1)
  2 rats
45 creatures vanquished.

Notes
Turn   | Place    | Note
-------+----------+-------------------------------------------
     0 | D:1      | qw the Minotaur Hexslinger began the quest for the Orb.
     0 | D:1      | Reached XP level 1. HP: 16/16 MP: 1/1
     0 | D:1      | 0 ||| qw: Version: 0.3-a-52-g30416fa
     0 | D:1      | 0 ||| qw: Game counter: 6823
     0 | D:1      | 0 ||| qw: Melee chars always use a shield: true
     0 | D:1      | 0 ||| qw: God list: Okawaru
     0 | D:1      | 0 ||| qw: Allow faded altars: false
     0 | D:1      | 0 ||| qw: Do Orc after clearing Dungeon:15 true
     0 | D:1      | 0 ||| qw: Do second Lair branch before Depths: true
     0 | D:1      | 0 ||| qw: Lair rune preference: random
     0 | D:1      | 0 ||| qw: Goals: Normal
     0 | D:1      | 0 ||| PLANNING D:1-11
   132 | D:1      | 132 ||| READING scroll labelled SEYSHR DOECWOWN.
   133 | D:1      | 133 ||| DROPPING scroll of poison.
   136 | D:1      | 136 ||| Stepping ~*~*~tactically~*~*~ (water).
   139 | D:1      | Reached skill level 3 in Ranged Weapons
   139 | D:1      | Reached XP level 2. HP: 23/23 MP: 2/2
   964 | D:1      | 964 ||| READING 4 scrolls labelled ZURAG QANIAG.
   965 | D:1      | 965 ||| READING scroll labelled KAACZI TOSE.
   966 | D:1      | 966 ||| READING scroll labelled HUGAVUX PETOV.
   968 | D:1      | Reached XP level 3. HP: 29/29 MP: 3/3
  1239 | D:1      | 1239 ||| READING 3 scrolls of identify.
  1239 | D:1      | 1239 ||| IDENTIFYING bubbling emerald potion
  1240 | D:1      | 1240 ||| READING 2 scrolls of identify.
  1240 | D:1      | 1240 ||| IDENTIFYING green potion
  1373 | D:2      | Reached skill level 4 in Ranged Weapons
  1470 | D:2      | Found a faded altar of an unknown god.
  1572 | D:2      | You fall into a shaft and drop 1 floor!
  1573 | D:3      | 1573 ||| UPGRADING to +0 ring mail.
  1583 | D:3      | 1583 ||| DROPPING +0 robe.
  1584 | D:3      | 1584 ||| READING scroll labelled ZUISMUONKE.
  1614 | D:2      | HP: 6/29 [worm (9)]
  1615 | D:2      | Slain by a worm

Levels and vault maps discovered:
D:1:      scummos_arrival_simple_crosswalls, layout_basic, serial_glass,
          glass_columns_a, glass_columns_a, feat_on_display, chequers_big_river
D:2:      layout_loops_cross, basic_ecumenical_altar,
          chequers_serial_rivers_micro_d
D:3:      layout_rooms, nicolae_ru_awakened_eye

Skill      XL: |  1  2  3 |
---------------+----------+-----
Ranged Weapons | 3 4 |  4.4
Fighting       | 2 |  2.0
Dodging        | |  2.1
Spellcasting   | |  1.0
Hexes          | |  2.0

Action                     || total
---------------------------++-------
   Fire: Sling             ||   124
    Use: Scroll            ||     7
 Armour: Robe              ||    13
         Ring mail         ||     1
  Dodge: Dodged            ||    40

Table legend:
 A = Non-vault XP
 B = Vault XP
 C = Vault XP percentage of total XP
 D = Non-vault monster count
 E = Vault monster count
 F = Vault count percentage of total count
                 A         B        C        D         E       F
            +---------+---------+-------+---------+---------+-------
      Total |      86 |       0 |   0.0 |      45 |       0 |   0.0
            +---------+---------+-------+---------+---------+-------
        D:1 |      42 |       0 |   0.0 |      28 |       0 |   0.0
        D:2 |      44 |       0 |   0.0 |      17 |       0 |   0.0
            +---------+---------+-------+---------+---------+-------
